 Dungeon Crawl Stone Soup version 0.21-a0-201-g8501b10 (webtiles) character file.

6233 goodjuju the Spear-Bearer (level 10, -19/94 HPs)
             Began as a Minotaur Hunter on Aug 18, 2017.
             Was a Priest of Trog.
             Demolished by a gnoll sergeant
             ... wielding a +2 trident of distortion
              (22 damage)
             ... on level 8 of the Dungeon.
             The game lasted 00:13:58 (8560 turns).

goodjuju the Spear-Bearer (Minotaur Hunter)         Turns: 8560, Time: 00:13:59

Health: -19/94     AC:  5    Str: 18 (19) XL:     10   Next: 62%
Magic:  9/9        EV: 12    Int:  8      God:    Trog [***...]
Gold:   289        SH:  0    Dex: 12      Spells: 9/9 levels left

rFire    + . .     SeeInvis .   s - +1 trident (venom)
rCold    + . .     Gourm    .   (no shield)
rNeg     . . .     Faith    .   e - +1 leather armour {rF+}
rPois    .         Spirit   .   z - +0 hat
rElec    .         Reflect  .   (no cloak)
rCorr    .         Harm     .   F - +0 pair of gloves
MR       .....     Clarity  +   (no boots)
Stlth    +.........             (no amulet)
HPRegen  0.65/turn              (no ring)
MPRegen  0.11/turn              (no ring)

@: lethally poisoned (-19 -> -29), berserk cooldown, slowed, very slow
A: retaliatory headbutt, horns 2, clarity, cold resistance 1, deterioration 1,
regeneration 1
a: Berserk, Trog's Hand, Burn Spellbooks, Renounce Religion


You were on level 8 of the Dungeon.
You worshipped Trog.
Trog was most pleased with you.
You were not hungry.

You visited 1 branch of the dungeon, and saw 8 of its levels.
You also visited: Sewer.

You collected 410 gold pieces.
You spent 121 gold pieces at shops.

Inventory:

Hand Weapons
 a - a +1 shortbow
 b - a +0 short sword
 h - a +2 dagger of freezing
 s - a +1 trident of venom (weapon)
 v - a +3 spear
Missiles
 d - 75 arrows
 k - 8 javelins (quivered)
Armour
 c - a +0 leather armour
 e - a +1 leather armour of fire resistance (worn)
 u - a +0 shield of protection
 z - a +0 hat (worn)
 C - the +3 robe "Tossuror" {rPois Str-5 Int+3 Stlth+}
   (You found it on level 4 of the Dungeon)

   It affects your strength (-5).
   It affects your intelligence (+3).
   It protects you from poison.
   It makes you more stealthy.
 F - a +0 pair of gloves (worn)
 M - the +3 hat of Pondering {ponderous, MR+ MP+10 Int+5}
   (You took it off Gastronok on level 8 of the Dungeon)

   It affects your intelligence (+5).
   It affects your resistance to hostile enchantments.
   It affects your magic capacity (+10).
Jewellery
 x - an uncursed ring of protection from magic {unknown}
 B - a +3 ring of protection {unknown}
 J - a cursed -2 ring of intelligence {unknown}
 Q - an uncursed ring of flight {unknown}
Wands
 E - a wand of iceblast (5/15)
 K - a wand of flame (17/48)
 L - a wand of digging (14/24)
 R - a wand of disintegration (10/24)
Scrolls
 j - 2 scrolls of fear {unknown}
 m - 2 scrolls of amnesia {unknown}
 n - 10 scrolls of identify {unknown}
 o - a scroll of immolation {unknown}
 p - a scroll of fog {unknown}
 q - 5 scrolls of remove curse {unknown}
 r - 3 scrolls of enchant weapon {unknown}
 y - a scroll of magic mapping {unknown}
 A - 2 scrolls of teleportation {unknown}
 I - a scroll of enchant armour {unknown}
 P - a scroll of recharging {unknown}
Potions
 i - 2 potions of berserk rage {unknown}
 l - 2 potions of agility
 w - a potion of might {unknown}
 G - 2 potions of flight
 H - 2 potions of curing
 N - a potion of haste
Books
 D - a book of Changes

   Spells                             Type                      Level
   a - Beastly Appendage              Transmutation                1
   b - Sticks to Snakes               Transmutation                2
   c - Spider Form                    Transmutation/Poison         3
   d - Ice Form                       Ice/Transmutation            4
   e - Blade Hands                    Transmutation                5
   Trog disapproves of the use of such an item.
 O - a book of Frost

   Spells                             Type                      Level
   a - Freeze                         Ice                          1
   b - Throw Frost                    Conjuration/Ice              2
   c - Ozocubu's Armour               Charms/Ice                   3
   d - Throw Icicle                   Conjuration/Ice              4
   e - Summon Ice Beast               Ice/Summoning                4
   Trog disapproves of the use of such an item.
Comestibles
 f - 6 bread rations
 g - 3 royal jellies
 t - 2 meat rations


   Skills:
 + Level 10.7 Fighting
 * Level 14.2 Polearms
 - Level 7.0 Bows
 - Level 2.1 Dodging
 - Level 0.7 Stealth


You had 9 spell levels left.
You didn't know any spells.

Dungeon Overview and Level Annotations

Branches:
Dungeon (8/15)             Temple (0/1) D:5
   Lair: D:8-11

Altars:
Cheibriados
Fedhas
Kikubaaqudgha
Trog
Wu Jian
Yredelemnul

Shops:
D:6 [(=

Annotations:
D:8 Maurice


Innate Abilities, Weirdness & Mutations

You reflexively headbutt those who attack you in melee.
You have a pair of horns on your head.
You possess an exceptional clarity of mind.
Your flesh is cold resistant. (rC+)
Your body sometimes deteriorates upon taking damage.
Your natural rate of healing is unusually fast.


Message History

You closely miss the gnoll.
The gnoll is heavily wounded.
You feel very sick.
The gnoll sergeant hits you from afar with a trident of distortion!
Space warps horribly around you!
* * * LOW HITPOINT WARNING * * *
The gnoll completely misses you. You furiously retaliate!
You headbutt the gnoll.
Maurice the Thief comes into view.
He is wielding a short sword.
You hit the gnoll.
The gnoll is poisoned.
Your headbutt misses the gnoll.
The gnoll is severely wounded.
* * * LOW HITPOINT WARNING * * *
You feel sick.
Maurice mumbles some strange words.
Maurice flickers and vanishes!
Deactivating autopickup; reactivate with Ctrl-A.
The gnoll sergeant hits you from afar with a trident of distortion!
* * * LOW HITPOINT WARNING * * *
Space warps horribly around you!
You die...

#....#.# #.####.#
#.##...# #..#.###
##.#.# ####.#.# ##
#....#.# ..
#.####.####{##
#....#..@ggg.#
##########.#########
........##.#
........##.#
........##.#
...........#
#########.######.
.................
#######....#.#.##


You could see a gnoll sergeant and 2 gnolls.

Vanquished Creatures
  Gastronok (D:8)
  A two-headed ogre (D:8)
  The ghost of badjuju the Grappler, a novice TrFi of Okawaru (D:6)
  Pikel (D:5)
  Prince Ribbit (D:8)
  Eustachio (D:5)
  Grum (D:8)
  A sky beast (D:5)
  2 eyes of draining
  A phantom (D:8)
  2 ogres
  2 wolves (D:8)
  A centaur (D:8)
  8 bullfrogs
  A big kobold (Sewer)
  2 scorpions
  2 crimson imps
  A bullfrog zombie (D:5)
  A hound (D:8)
  3 orc priests (D:6)
  A bullfrog skeleton (D:5)
  A gnoll shaman (D:5)
  3 jellies
  7 orc wizards
  A centaur skeleton (D:4)
  4 worker ants
  3 iguanas
  2 hound skeletons
  9 gnolls
  8 adders
  2 river rats (Sewer)
  2 shadow imps (D:7)
  3 adder skeletons
  An adder zombie (D:4)
  A worm (D:2)
  2 dart slugs (D:1)
  10 leopard geckos
  32 orcs
  8 giant cockroaches
  5 hobgoblins (D:1)
  16 jackals
  A quokka (D:8)
  A ball python (D:4)
  14 bats
  7 frilled lizards
  10 goblins
  15 kobolds
  A leopard gecko skeleton (D:7)
  A quokka skeleton (D:4)
  10 rats
215 creatures vanquished.

Vanquished Creatures (others)
  2 slaves (D:5)
  A centaur (D:5)
  An orc priest (D:5)
  An iguana (D:5)
  A leopard gecko (D:5)
  An orc (D:5)
7 creatures vanquished.

Grand Total: 222 creatures vanquished

Notes
Turn   | Place    | Note
-------+----------+-------------------------------------------
     0 | D:1      | goodjuju the Minotaur Hunter began the quest for the Orb.
     0 | D:1      | Reached XP level 1. HP: 18/18 MP: 0/0
   109 | D:1      | Reached XP level 2. HP: 25/25 MP: 1/1
   127 | D:1      | Reached skill level 5 in Bows
   474 | D:1      | Reached XP level 3. HP: 30/30 MP: 2/2
  1446 | D:3      | Found an ornate altar of the Wu Jian Council.
  1459 | D:3      | Reached XP level 4. HP: 29/37 MP: 3/3
  2146 | D:3      | Found a bloodstained altar of Trog.
  2219 | D:3      | Reached XP level 5. HP: 22/42 MP: 4/4
  2394 | D:3      | Became a worshipper of Trog the Wrathful
  2512 | D:3      | Reached skill level 1 in Polearms
  2912 | D:4      | Reached skill level 2 in Polearms
  3196 | D:4      | Got a heavy robe
  3207 | D:4      | Identified the +3 robe "Tossuror" {rPois Str-5 Int+3 Stlth+} (You found it on level 4 of the Dungeon)
  3327 | D:4      | Reached skill level 3 in Polearms
  3595 | D:4      | Noticed an eye of draining
  3601 | D:4      | Killed an eye of draining
  3601 | D:4      | Reached skill level 4 in Polearms
  3601 | D:4      | Reached XP level 6. HP: 48/51 MP: 0/5
  3815 | D:4      | Reached skill level 5 in Polearms
  4007 | D:5      | Entered Level 5 of the Dungeon
  4051 | D:5      | Noticed Eustachio
  4066 | D:5      | Killed Eustachio
  4066 | D:5      | Reached XP level 7. HP: 49/60 MP: 6/6
  4112 | D:5      | Reached * piety under Trog
  4123 | D:5      | Noticed Pikel
  4141 | D:5      | Killed Pikel
  4141 | D:5      | Reached skill level 5 in Fighting
  4141 | D:5      | Reached skill level 7 in Polearms
  4141 | D:5      | Reached XP level 8. HP: 43/70 MP: 7/7
  4413 | D:5      | Found a staircase to the Ecumenical Temple.
  4559 | D:5      | Reached skill level 8 in Polearms
  4603 | D:5      | HP: 5/105 [bullfrog (1)]
  4974 | D:5      | Reached skill level 9 in Polearms
  5559 | D:6      | Found a glowing drain.
  5578 | Sewer    | Entered a sewer
  5653 | Sewer    | Reached ** piety under Trog
  5695 | Sewer    | Found a white marble altar of Elyvilon.
  6077 | D:6      | Found Moxaepn's Antique Armour Shop.
  6079 | D:6      | Found Ratan's Weapon Shoppe.
  6092 | D:6      | Bought a pair of gloves for 121 gold pieces
  6162 | D:6      | Reached skill level 10 in Polearms
  6361 | D:6      | Reached XP level 9. HP: 80/80 MP: 8/8
  6392 | D:6      | Found Neiwoemo's Jewellery Boutique.
  6514 | D:6      | Noticed badjuju's ghost (novice TrFi)
  6527 | D:6      | Killed badjuju's ghost
  6527 | D:6      | Reached skill level 11 in Polearms
  7360 | D:7      | Found an ancient bone altar of Kikubaaqudgha.
  7361 | D:7      | Found a blossoming altar of Fedhas.
  7422 | D:7      | Reached *** piety under Trog
  7766 | D:8      | Reached skill level 12 in Polearms
  7804 | D:8      | Noticed Gastronok
  7805 | D:8      | Noticed Grum
  7821 | D:8      | Killed Grum
  7843 | D:8      | Gained mutation: Your body sometimes deteriorates upon taking damage. [potion of mutation]
  7843 | D:8      | Gained mutation: You possess an exceptional clarity of mind. [potion of mutation]
  7843 | D:8      | Gained mutation: Your natural rate of healing is unusually fast. [potion of mutation]
  7843 | D:8      | Gained mutation: Your flesh is cold resistant. (rC+) [potion of mutation]
  7857 | D:8      | Killed Gastronok
  7857 | D:8      | Reached skill level 10 in Fighting
  7857 | D:8      | Reached skill level 13 in Polearms
  7857 | D:8      | Reached XP level 10. HP: 25/93 MP: 9/9
  7996 | D:8      | Noticed Prince Ribbit
  8204 | D:8      | Noticed a two-headed ogre
  8326 | D:8      | Found a basalt altar of Yredelemnul.
  8326 | D:8      | Found a snail-covered altar of Cheibriados.
  8340 | D:8      | Killed a two-headed ogre
  8340 | D:8      | Reached skill level 14 in Polearms
  8344 | D:8      | Killed Prince Ribbit
  8361 | D:8      | Received a gift from Trog
  8560 | D:8      | Noticed Maurice
  8560 | D:8      | HP: 3/94 [gnoll sergeant/trident of distortion (8)]
  8560 | D:8      | Demolished by a gnoll sergeant

Vault maps used:
D:1:      elethiomel_arrival_quiet
D:2:      first_bread, kennysheep_generic_room_4
D:3:      lemuel_crystal_altar, nicolae_overflow_crystal_walls
D:5:      minmay_temple_entry_from_below_a, uniq_pikel, uniq_eustachio
D:6:      gup_sewer_entry_pipe, serial_shops, shop, shop, kennysheep_mini
D:7:      grunt_temple_overflow_growth_and_decay
D:8:      chequers_temple_overflow_statue_of_worship, uniq_prince_ribbit1,
          uniq_grum, uniq_gastronok, uniq_psyche, uniq_maurice
Sewer:    sewer_kobolds

Skill      XL: |  1  2  3  4  5  6  7  8  9 10 |
---------------+-------------------------------+-----
Bows           | 5 6 7 |  7.0
Polearms       | 4 5 7 10 13 14 | 14.2
Fighting       | 3 4 5 7 10 | 10.7
Dodging        | |  2.1
Stealth        | |  0.7

Action                   |  1- 3 |  4- 6 |  7- 9 | 10-12 || total
-------------------------+-------+-------+-------+-------++-------
Melee: Dagger            |    32 |    35 |       |       ||    67
       Headbutt          |     4 |    25 |    67 |     2 ||    98
       Trident           |       |    86 |   327 |    26 ||   439
 Fire: Shortbow          |    62 |    25 |    11 |     5 ||   103
Throw: Javelin           |       |     5 |       |       ||     5
Invok: Berserk           |       |       |     6 |     2 ||     8
       Trog's Hand       |       |       |     1 |       ||     1
  Use: Potion            |       |     1 |    10 |       ||    11
 Stab: Sleeping          |       |       |     2 |       ||     2
       Distracted        |       |       |     1 |       ||     1
  Eat: Chunk             |     2 |     8 |    12 |     2 ||    24
       Bread ration      |       |       |     1 |     1 ||     2
Armor: Leather armour    |    16 |    26 |    39 |     4 ||    85
Dodge: Dodged            |    32 |    67 |   121 |    13 ||   233
